[Event "30th NATO Chess-ch 2019"]
[Site "Berlin"]
[Date "2019.09.17"]
[Round "3.30"]
[White "Nielsen, Jan Mose"]
[Black "Slaidins, Janis"]
[Result "1/2-1/2"]
[ECO "C41"]
[WhiteElo "2044"]
[BlackElo "1834"]
[Annotator "NA"]
[PlyCount "114"]
[EventDate "2019.09.16"]
[EventType "swiss"]
[EventCountry "GER"]
[SourceTitle "playchess.com"]
[Source "ChessBase"]
[SourceQuality "1"]
[TimeControl "40/7200:1800"]

1. e4 e5 2. Bc4 d6 3. Nf3 Be7 4. d4 exd4 5. c3 Nf6 6. cxd4 Nxe4 7. Qb3 O-O 8. Bd5 Nf6 9. Bxb7 Bxb7 10. Qxb7 Nbd7 11. Nc3 c5 12. O-O Qb6 13. Qxb6 axb6 14. Re1 Rfe8 15. Nb5 Nd5 16. a3 Kf8 17. Bd2 Rac8 18. Kf1 Rc6 19. Ng5 h6 20. Ne4 N7f6 21. Bc3 Nxe4 22. Rxe4 Bf6 23. Rxe8+ Kxe8 24. dxc5 Nxc3 25. bxc3 dxc5 26. Re1+ Kd7 27. Rd1+ Ke7 28. c4 Rc8 29. Ke2 Ra8 30. Rd3 Ra4 31. Nd6 Ke6 32. Nc8 Rxc4 33. Nxb6 Rc2+ 34. Rd2 Rc1 35. Nd5 Bd4 36. Nf4+ Kd6 37. Ra2 Kc6 38. Nd3 Rh1 39. h3 Kb5 40. a4+ Ka5 41. Rc2 Kb6 42. a5+ Kb5 43. Ra2 Ra1 44. Rxa1 Bxa1 45. a6 Kxa6 46. Nxc5+ Kb6 47. Nb3 Bb2 48. Kd3 Kc6 49. Ke4 Bc3 50. Nc1 Kd6 51. Ne2 Bb2 52. f4 Ke6 53. g4 g6 54. Ng3 Bc1 55. Ne2 f5+ 56. Kf3 Bb2 57. Nd4+ {--- Ke4} Kf6 1/2-1/2

[Event "30th NATO Chess-ch 2019"]
[Site "Berlin"]
[Date "2019.09.18"]
[Round "4.21"]
[White "Crapulli, Giuseppe"]
[Black "Mestek, Igor"]
[Result "1/2-1/2"]
[ECO "B28"]
[WhiteElo "1836"]
[BlackElo "2087"]
[Annotator "NA RC"]
[PlyCount "93"]
[EventDate "2019.09.16"]
[EventType "swiss"]
[EventCountry "GER"]
[SourceTitle "playchess.com"]
[Source "ChessBase"]
[SourceQuality "1"]
[TimeControl "40/7200:1800"]

1. e4 c5 2. Nf3 a6 3. c4 Nc6 4. d4 cxd4 5. Nxd4 e6 6. Nxc6 {[%emt 1:55:36] B28: Sicilian: 2 Nf3 a6 (O'Kelly Variation)} (6. Nc3 Bb4 7. Be3 Nf6 8. Bd3 Qc7 9. Rc1 b6 10. O-O Nxd4 11. Bxd4 Bc5 12. Be2 Bb7 13. Qd3 Bxd4 14. Qxd4 Qc5 15. Qd3 Bc6 16. a3 {1-0 (42) Dominguez Perez,L (2719)-Polgar,J (2680) Moscow 2009}) 6... bxc6 7. Nc3 e5 8. Be2 Nf6 9. O-O Bc5 10. Qd3 O-O 11. Be3 Qe7 12. Bxc5 $146 ({Predecessor:} 12. Rad1 Bxe3 13. Qxe3 d6 14. Rd2 c5 15. Rfd1 Ne8 {1-0 (39) Popova,T-Zatulovskaya,T Moscow 1974}) 12... Qxc5 13. Rfd1 Rd8 14. Qd6 Qxd6 15. Rxd6 Kf8 16. c5 Rb8 17. b3 Ne8 18. Rd2 Nc7 19. Bc4 Ke7 20. Rad1 Nb5 21. Bxb5 axb5 22. b4 Ra8 23. Rd6 Re8 24. Kf1 Ra3 25. R1d3 Ra6 26. Ke1 Rf8 27. g4 h6 28. Kd2 Rh8 29. Kc2 Ra7 30. Kb3 Rd8 31. Ne2 Rc7 32. Ng3 g6 33. h4 Kf8 34. h5 Kg7 35. Rf3 Re8 36. Rdf6 $2 (36. hxg6 $18 fxg6 37. Ne2) 36... d6 37. Rxd6 Bxg4 38. Rfd3 $15 Ree7 39. f3 Be6+ 40. Kb2 Bc4 41. Rd2 Ra7 42. a3 Rac7 43. Rg2 Kh7 44. Rgd2 Kg7 45. Rg2 Kh7 46. Rgd2 Kg7 47. Rg2 1/2-1/2

[Event "30th NATO Chess-ch 2019"]
[Site "Berlin"]
[Date "2019.09.18"]
[Round "4.24"]
[White "Tocco, Paolo"]
[Black "Hater, David"]
[Result "1-0"]
[ECO "D00"]
[WhiteElo "2089"]
[BlackElo "1973"]
[Annotator "NA RC"]
[PlyCount "29"]
[EventDate "2019.09.16"]
[EventType "swiss"]
[EventCountry "GER"]
[SourceTitle "playchess.com"]
[Source "ChessBase"]
[SourceQuality "1"]
[TimeControl "40/7200:1800"]

1. d4 Nf6 2. Nc3 d5 3. Bf4 g6 4. e3 Bg7 5. h4 O-O 6. h5 Nxh5 7. Rxh5 gxh5 8. Qxh5 e6 9. Bd3 f5 10. Nf3 Bd7 (10... Nd7 $16) 11. O-O-O Be8 12. Qh2 Na6 13. Ng5 Rf6 14. Qxh7+ Kf8 15. Be5 $18 ({Don't take} 15. Bxa6 $6 bxa6 16. Be5 Qe7 $18) 1-0

[Event "30th NATO Chess-ch 2019"]
[Site "Berlin"]
[Date "2019.09.18"]
[Round "4.26"]
[White "Kraft, Chip"]
[Black "Wagenaar, Harm Theo"]
[Result "0-1"]
[ECO "A36"]
[WhiteElo "2050"]
[BlackElo "1879"]
[Annotator "NA RC"]
[PlyCount "132"]
[EventDate "2019.09.16"]
[EventType "swiss"]
[EventCountry "GER"]
[SourceTitle "playchess.com"]
[Source "ChessBase"]
[SourceQuality "1"]
[TimeControl "40/7200:1800"]

1. c4 c5 2. Nc3 Nc6 3. g3 g6 4. Bg2 Bg7 5. e4 e5 6. Nge2 {[%emt 1:56:01] A36: Symmetrical English vs ...g6: 4 Bg2 Bg7} Nge7 7. O-O O-O (7... d6 8. d3 O-O 9. a3 Rb8 10. Rb1 a6 11. b4 cxb4 12. axb4 b5 13. cxb5 axb5 14. Be3 Be6 15. d4 d5 16. dxe5 dxe4 17. Nxe4 Nxe5 {1-0 (31) Muzychuk,A (2569)-Mammadzada,G (2422) St Petersburg 2018}) 8. Rb1 Rb8 9. a3 a5 10. d3 d6 11. Nb5 Be6 12. Bd2 Qd7 13. Qe1 $146 ({Predecessor:} 13. Nec3 b6 14. Nd5 Nd4 15. Nxd4 cxd4 16. Nxe7+ Qxe7 17. b4 Qc7 18. bxa5 bxa5 {1-0 (46) Mueller,M (2083)-Krause,C (1953) Bayern 2015}) 13... b6 14. f4 f5 15. Nec3 Nd4 16. Nxd4 exd4 17. Nd5 Bxd5 18. cxd5 Rfe8 19. Qf2 Rbd8 20. Qf3 Qc7 21. g4 Rf8 22. b3 Kh8 {[%emt 0:44:36] [#]} 23. h4 (23. exf5 $1 $16 gxf5 24. g5) 23... Qd7 24. Bh3 Qe8 (24... Qb7 $16 {might work better.}) 25. Kg2 (25. exf5 $16 gxf5 26. g5) 25... Qf7 26. Rh1 h5 27. gxf5 gxf5 28. Kh2 Bh6 29. Rbf1 Rg8 $11 30. Be1 Rg7 31. Bg3 Rf8 32. Rhg1 Rd8 33. Qe2 Rdg8 34. Qf3 Rd8 35. Rf2 Rdg8 36. Rff1 Rd8 37. Kh1 Rf8 38. Bh2 Rfg8 39. Rxg7 Rxg7 40. Bg3 Kh7 41. Kh2 Kh8 42. Rb1 Rg8 43. b4 cxb4 44. axb4 a4 45. Rc1 a3 46. Ra1 Ra8 47. Bf1 Bg7 48. Ra2 Ra7 49. Be2 Kg8 50. Be1 Bh6 51. Bg3 Bg7 52. Bd1 Kf8 53. Bb3 Qg6 54. e5 b5 55. Qf2 dxe5 56. fxe5 Qg4 57. d6 Nc6 58. e6 Be5 59. Bxe5 Nxe5 60. Bd5 Nxd3 61. Qg3 Nxb4 62. Qxg4 fxg4 63. e7+ Ke8 64. Rf2 Rxe7 65. dxe7 Nxd5 66. Rd2 b4 0-1

[Event "30th NATO Chess-ch 2019"]
[Site "Berlin"]
[Date "2019.09.18"]
[Round "4.27"]
[White "Marquardt, Christian"]
[Black "Glibert, Stephane"]
[Result "1/2-1/2"]
[ECO "A45"]
[WhiteElo "2049"]
[BlackElo "1865"]
[Annotator "NA RC"]
[PlyCount "81"]
[EventDate "2019.09.16"]
[EventType "swiss"]
[EventCountry "GER"]
[SourceTitle "playchess.com"]
[Source "ChessBase"]
[SourceQuality "1"]
[TimeControl "40/7200:1800"]

1. d4 Nf6 2. Bg5 Ne4 3. Bf4 d5 4. e3 e6 5. Bd3 Bd6 6. Bxe4 {[%emt 1:56:39] A45: Trompowsky Attack} Bxf4 7. Bd3 (7. exf4 dxe4 8. Nc3 Nc6 9. Nge2 f5 10. Qd2 O-O 11. O-O-O a5 12. h3 a4 13. a3 b5 {½-½ (58) Vitiugov,N (2726)-Grandelius,N (2643) Doha 2016}) 7... Bd6 8. Nf3 Nd7 9. O-O b6 $146 ({Predecessor:} 9... O-O 10. Nc3 c6 11. e4 f5 12. e5 Be7 13. Ne2 g5 {½-½ (37) Aranaz Portugues,J (2096)-Dathie,J Erice 2014}) 10. Nbd2 Bb7 11. a4 c5 12. c3 O-O 13. Qe2 f5 14. c4 e5 15. dxe5 Nxe5 16. Nxe5 Bxe5 17. Nf3 Qf6 18. Nxe5 Qxe5 19. Rfd1 a5 20. cxd5 Rad8 21. Bc4 Rd6 22. Rd2 Rfd8 23. Rad1 Kf8 24. Qf3 Ke7 25. g3 Rf8 26. b3 Rff6 27. Re2 Qe4 28. Kg2 $11 (28. Qf4 $16) 28... g5 29. g4 Qe5 30. Qg3 Bxd5+ 31. Bxd5 Rxd5 32. Qxe5+ Rxe5 33. Red2 Kf7 34. Rd7+ Re7 35. R7d5 Kg6 36. gxf5+ Rxf5 37. Kf1 Rf6 38. Ke2 Re4 39. R1d3 Rh4 40. Rd6 Rb4 41. f3 1/2-1/2

[Event "30th NATO Chess-ch 2019"]
[Site "Berlin"]
[Date "2019.09.18"]
[Round "4.28"]
[White "Slaidins, Janis"]
[Black "Oblak, Nicholas"]
[Result "0-1"]
[ECO "B27"]
[WhiteElo "1834"]
[BlackElo "2048"]
[Annotator "NA RC"]
[PlyCount "58"]
[EventDate "2019.09.16"]
[EventType "swiss"]
[EventCountry "GER"]
[SourceTitle "playchess.com"]
[Source "ChessBase"]
[SourceQuality "1"]
[TimeControl "40/7200:1800"]

1. e4 c5 2. Nf3 g6 3. Bc4 Bg7 4. c3 d6 5. O-O (5. d4 cxd4 6. cxd4 Nf6 7. Qe2 O-O 8. O-O Bg4 9. e5 dxe5 10. dxe5 Nfd7 11. e6 Ne5 12. exf7+ Kh8 13. Rd1 Qc7 14. Bd5 Nbc6 15. Nc3 e6 16. h3 Bxf3 17. Bxf3 {0-1 (42) Shaposhnikov,E (2576)-Guseinov,G (2664) St Petersburg 2018}) 5... Nf6 6. e5 {[%emt 1:58:03] B27: Sicilian: 2 Nf3, unusual Black 2nd moves} dxe5 7. Nxe5 O-O 8. d4 cxd4 9. cxd4 Nbd7 10. f4 Nb6 11. b3 $146 ({Predecessor:} 11. Bb3 Nbd5 12. Nc3 Be6 13. Qf3 Rc8 14. Bd2 Qd6 15. Rad1 Rfd8 {½-½ (41) Serdarevic,M (2272)-Nurkic,S (2394) Zenica 2002}) 11... Bf5 12. Ba3 (12. Bb2 $15) 12... Nbd5 13. Qd2 Rc8 14. Bxd5 $4 (14. Kh1 $17) 14... Nxd5 (14... Rc2 $142 15. Bxf7+ Rxf7 16. Nxf7 Kxf7) 15. g4 Rc2 16. Qe1 Bxg4 17. Nd2 (17. Rf2 $142 Rxf2 18. Qxf2) 17... Bxe5 18. fxe5 Nc3 {[%emt 1:10:55] Discovered Attack} 19. Qe3 Ne2+ {[%emt 1:25:20] Double Attack} 20. Kg2 Rxd2 21. Qxd2 Qd5+ 22. Kf2 Nxd4 23. Rac1 Qf3+ 24. Ke1 Qe4+ {[%emt 0:59:27] Double Attack} 25. Kf2 Bh3 26. Rg1 $19 Qf5+ 27. Kg3 Qf3+ 28. Kh4 Nf5+ 29. Kg5 h6# 0-1

[Event "30th NATO Chess-ch 2019"]
[Site "Berlin"]
[Date "2019.09.18"]
[Round "4.30"]
[White "Geroly, Jozsef"]
[Black "Aagaard, Gert"]
[Result "0-1"]
[ECO "D11"]
[WhiteElo "1766"]
[BlackElo "2029"]
[Annotator "NA"]
[PlyCount "86"]
[EventDate "2019.09.16"]
[EventType "swiss"]
[EventCountry "GER"]
[SourceTitle "playchess.com"]
[Source "ChessBase"]
[SourceQuality "1"]
[TimeControl "40/7200:1800"]

1. Nf3 Nf6 2. d4 d5 3. g3 Bf5 4. Bg2 e6 5. c4 c6 6. O-O Be7 7. Nc3 O-O 8. a3 {[%emt 1:51:40] D11: Slav Defence: 3 Nf3 sidelines and 3...Nf6 4 e3 Bg4} (8. b3 Ne4 9. Bb2 Qa5 10. Nxe4 Bxe4 11. Ne5 Bxg2 12. Kxg2 Rd8 13. Qc2 {½-½ (13) Berkes,F (2678)-Saric,I (2691) Brixen Bressanone 2019}) 8... a6 $146 ({Predecessor:} 8... a5 9. Qb3 b6 10. cxd5 cxd5 11. Nb5 Nc6 12. Bf4 Na7 13. Nxa7 Rxa7 14. Ne5 Rb7 15. Nc6 Qd7 {1-0 (51) Sokalskaja,E (2047)-Moenster,M (1922) Germany 2018}) 9. b4 dxc4 10. Ne5 b5 11. Nxc6 Nxc6 12. Bxc6 Bh3 13. Bxa8 Qxa8 14. f3 Bxf1 15. Kxf1 Nd5 16. Qc2 Rd8 17. e4 Nxc3 18. Qxc3 h5 19. Bb2 Bf6 $15 20. Qe3 Qa7 21. e5 Be7 22. Bc3 Rd5 23. f4 Qd7 24. Rd1 Bd8 25. Kf2 Bb6 26. Rd2 Qd8 27. Qe4 g6 28. Ke3 a5 29. h3 axb4 30. axb4 Qa8 31. Qb1 Qa7 32. Qa1 Qxa1 33. Bxa1 Kf8 34. Ke4 Ke7 35. g4 hxg4 36. hxg4 Bc7 37. f5 Bxe5 38. Ra2 Bc7 39. Ra7 gxf5+ 40. gxf5 Kd7 41. Bc3 Rxf5 42. Be1 Kc6 43. d5+ Rxd5 0-1

[Event "30th NATO Chess-ch 2019"]
[Site "Berlin"]
[Date "2019.09.19"]
[Round "5.1"]
[White "Binder, Tamas"]
[Black "Papasimakopoulos, Alexandros"]
[Result "1/2-1/2"]
[ECO "A46"]
[WhiteElo "2261"]
[BlackElo "2218"]
[Annotator "ChessBase"]
[PlyCount "129"]
[EventDate "2019.09.16"]
[EventType "swiss"]
[EventCountry "GER"]
[SourceTitle "playchess.com"]
[Source "ChessBase"]
[SourceQuality "1"]
[TimeControl "40/7200:1800"]

1. d4 e6 2. Nf3 Nf6 3. Bg5 c5 4. Bxf6 Qxf6 5. e3 Nc6 6. c3 d5 7. Be2 Bd6 8. Nbd2 O-O 9. O-O b6 10. Qa4 Bd7 11. Qc2 e5 12. dxe5 Nxe5 13. Nxe5 Qxe5 14. Nf3 Qh5 15. Rfd1 Rad8 16. e4 Bc6 17. exd5 Bxd5 18. h3 Rfe8 19. Re1 Be4 20. Qa4 Qg6 21. Bd3 Bc6 22. Qc2 Qh5 23. Be4 Bd7 24. Rad1 Be6 25. c4 Bb8 26. Bd5 Qf5 27. Qa4 Bd7 28. Bc6 Bxc6 29. Qxc6 Kf8 30. Rxe8+ Rxe8 31. Qd7 Qf4 32. b3 g6 33. Qd2 Re7 34. Qb2 f6 35. Rd8+ Kg7 36. Qd2 Qxd2 37. Nxd2 Bc7 38. Ra8 Bf4 39. Nf3 h5 40. Kf1 Rb7 41. Rd8 Re7 42. g3 Bh6 43. Ne1 f5 44. Nd3 Bg5 45. Rd5 Bf6 46. Rd6 g5 47. Ne1 g4 48. hxg4 hxg4 49. Ng2 Bg5 50. Ne1 f4 51. Rd5 Kf6 52. gxf4 Bxf4 53. Nd3 Bc7 54. a3 g3 55. fxg3 Bxg3 56. b4 cxb4 57. axb4 Re3 58. c5 Ke6 59. Rd8 Ke7 60. Rd4 bxc5 61. Nxc5 Re1+ 62. Kg2 Bd6 63. Nd3 Re3 64. Kf2 Rh3 65. Ke2 1/2-1/2

[Event "30th NATO Chess-ch 2019"]
[Site "Berlin"]
[Date "2019.09.19"]
[Round "5.2"]
[White "Graczyk, Damian"]
[Black "Pavlidis, Antonios"]
[Result "1/2-1/2"]
[ECO "E69"]
[WhiteElo "2133"]
[BlackElo "2550"]
[Annotator "ChessBase"]
[PlyCount "87"]
[EventDate "2019.09.16"]
[EventType "swiss"]
[EventCountry "GER"]
[SourceTitle "playchess.com"]
[Source "ChessBase"]
[SourceQuality "1"]
[TimeControl "40/7200:1800"]

1. d4 Nf6 2. Nf3 g6 3. c4 Bg7 4. g3 O-O 5. Bg2 d6 6. O-O Nbd7 7. Nc3 e5 8. e4 c6 9. h3 Qb6 10. c5 dxc5 11. dxe5 Ne8 12. e6 fxe6 13. Ng5 Ne5 14. f4 Nf7 15. Nxf7 Bd4+ 16. Kh2 Rxf7 17. e5 Qc7 18. Ne4 b6 19. h4 Ba6 20. Re1 Bc4 21. Ng5 Re7 22. h5 Rd8 23. Qg4 Bd3 24. Be4 Bxe4 25. Nxe4 Qd7 26. hxg6 hxg6 27. Kg2 Qd5 28. a4 Rg7 29. Ra3 Rdd7 30. Rf3 Rdf7 31. Ng5 Rf5 32. Qh3 Qc4 33. g4 Qc2+ 34. Kg3 Rff7 35. Rh1 Kf8 36. Nxe6+ Ke7 37. Nxg7 Nxg7 38. Qh4+ Kd7 39. Qh8 g5 40. Qb8 gxf4+ 41. Rxf4 Qd3+ 42. Kh4 Qh7+ 43. Kg3 Qd3+ 44. Kh4 1/2-1/2

[Event "30th NATO Chess-ch 2019"]
[Site "Berlin"]
[Date "2019.09.19"]
[Round "5.3"]
[White "Onley, David E"]
[Black "Wang, Eigen"]
[Result "0-1"]
[ECO "C05"]
[WhiteElo "2103"]
[BlackElo "2193"]
[Annotator "ChessBase"]
[PlyCount "48"]
[EventDate "2019.09.16"]
[EventType "swiss"]
[EventCountry "GER"]
[SourceTitle "playchess.com"]
[Source "ChessBase"]
[SourceQuality "1"]
[TimeControl "40/7200:1800"]

1. e4 e6 2. d4 d5 3. Nd2 Be7 4. Ngf3 Nf6 5. Bd3 c5 6. e5 Nfd7 7. c4 Nc6 8. cxd5 exd5 9. O-O cxd4 10. Re1 Nc5 11. Bb1 Bg4 12. Nb3 Ne6 13. Qd3 Qb6 14. Bd2 Bh5 15. Qf5 Bg6 16. Qg4 d3 17. Nh4 Bxh4 18. Qxh4 O-O 19. Qh3 Nb4 20. Qf3 a5 21. Bxb4 Qxb4 22. Bxd3 a4 23. Bxg6 hxg6 24. Qxd5 Rfd8 0-1

[Event "30th NATO Chess-ch 2019"]
[Site "Berlin"]
[Date "2019.09.19"]
[Round "5.4"]
[White "Everett, Elijah"]
[Black "Mouroutis, Konstantinos"]
[Result "1-0"]
[ECO "B32"]
[WhiteElo "2187"]
[BlackElo "2181"]
[Annotator "ChessBase"]
[PlyCount "86"]
[EventDate "2019.09.16"]
[EventType "swiss"]
[EventCountry "GER"]
[SourceTitle "playchess.com"]
[Source "ChessBase"]
[SourceQuality "1"]
[TimeControl "40/7200:1800"]

1. e4 c5 2. Nf3 Nc6 3. d4 cxd4 4. Nxd4 e5 5. Nb5 a6 6. Nd6+ Bxd6 7. Qxd6 Qf6 8. Qd1 Qg6 9. Nc3 Nf6 10. Qd6 Ng4 11. Qxg6 hxg6 12. Nd5 Rb8 13. Bg5 f6 14. Bd2 Nxh2 15. O-O-O d6 16. f3 f5 17. Be3 Rh4 18. Bd3 f4 19. Bf2 Rh6 20. Bg1 Ng4 21. Bb6 Rxh1 22. Rxh1 Nh6 23. Bc7 Kd7 24. Bxb8 Nxb8 25. Nb6+ Kc7 26. Nxc8 Kxc8 27. g4 fxg3 28. Rg1 Nd7 29. Rxg3 Nf8 30. Bc4 Kd7 31. Bd5 b6 32. a4 a5 33. Kd2 Ke7 34. Kd3 Kf6 35. Kc4 g5 36. Kb5 g4 37. Kxb6 Kg5 38. fxg4 Nxg4 39. Kxa5 Kh4 40. Rg1 g5 41. Kb5 Nf2 42. a5 Nh3 43. Rh1 Kg4 1-0

[Event "30th NATO Chess-ch 2019"]
[Site "Berlin"]
[Date "2019.09.19"]
[Round "5.5"]
[White "Delfino, Luigi"]
[Black "Kersic, Matej"]
[Result "1-0"]
[ECO "B55"]
[WhiteElo "2235"]
[BlackElo "2122"]
[Annotator "ChessBase"]
[PlyCount "79"]
[EventDate "2019.09.16"]
[EventType "swiss"]
[EventCountry "GER"]
[SourceTitle "playchess.com"]
[Source "ChessBase"]
[SourceQuality "1"]
[TimeControl "40/7200:1800"]

1. e4 c5 2. Nf3 d6 3. d4 cxd4 4. Nxd4 Nf6 5. f3 a6 6. c4 e6 7. Nc3 Be7 8. Be3 Nc6 9. Be2 Bd7 10. O-O O-O 11. Qd2 Qb8 12. Kh1 b5 13. cxb5 Nxd4 14. Qxd4 axb5 15. a3 Qb7 16. Rfd1 Rab8 17. Na2 Rfd8 18. Rac1 d5 19. e5 Ne8 20. Nb4 Rdc8 21. f4 g6 22. Qa7 Qxa7 23. Bxa7 Ra8 24. Bd4 h5 25. Nd3 Ng7 26. Bc5 Kf8 27. g4 hxg4 28. Bxg4 Ke8 29. Bxe7 Kxe7 30. Rxc8 Rxc8 31. Rc1 Rxc1+ 32. Nxc1 d4 33. Nb3 Bc6+ 34. Kg1 d3 35. Kf2 f5 36. Bd1 Ne8 37. Nd4 Kd7 38. Ke3 Nc7 39. Nxc6 Nd5+ 40. Kd2 1-0

[Event "30th NATO Chess-ch 2019"]
[Site "Berlin"]
[Date "2019.09.19"]
[Round "5.6"]
[White "Casteleijn, Diederick"]
[Black "Pedersen, Finn"]
[Result "1-0"]
[ECO "D94"]
[WhiteElo "2079"]
[BlackElo "2305"]
[Annotator "ChessBase"]
[PlyCount "90"]
[EventDate "2019.09.16"]
[EventType "swiss"]
[EventCountry "GER"]
[SourceTitle "playchess.com"]
[Source "ChessBase"]
[SourceQuality "1"]
[TimeControl "40/7200:1800"]

1. Nf3 d5 2. c4 c6 3. e3 Nf6 4. Nc3 g6 5. d4 Bg7 6. Be2 O-O 7. O-O Bg4 8. Qb3 Qb6 9. h3 Bxf3 10. Bxf3 e6 11. Na4 Qxb3 12. axb3 Nbd7 13. cxd5 Nxd5 14. Bxd5 exd5 15. Bd2 f5 16. Bb4 Rfe8 17. Bd6 Re6 18. Bc7 Rc8 19. Bf4 Bf8 20. g4 fxg4 21. hxg4 Nf6 22. Nc3 a6 23. g5 Ne4 24. Nxe4 Rxe4 25. f3 Re6 26. Be5 c5 27. Rac1 Be7 28. f4 Rec6 29. Rfd1 c4 30. bxc4 Rxc4 31. Rxc4 Rxc4 32. e4 dxe4 33. Kf2 Rc2+ 34. Ke3 Rxb2 35. Kxe4 Rb6 36. d5 Bd6 37. Bxd6 Rxd6 38. Ke5 Rd8 39. Ke6 Kf8 40. d6 Re8+ 41. Kf6 b5 42. d7 Rd8 43. Ke6 b4 44. Rc1 Ra8 45. Ra1 {Ke8 Kd7 Ng8} Z0 {Rh2} 1-0

[Event "30th NATO Chess-ch 2019"]
[Site "Berlin"]
[Date "2019.09.19"]
[Round "5.7"]
[White "Stentebjerg-Hansen, Per"]
[Black "Sypien, Mateusz"]
[Result "0-1"]
[ECO "A48"]
[WhiteElo "2178"]
[BlackElo "2243"]
[Annotator "ChessBase"]
[PlyCount "164"]
[EventDate "2019.09.16"]
[EventType "swiss"]
[EventCountry "GER"]
[SourceTitle "playchess.com"]
[Source "ChessBase"]
[SourceQuality "1"]
[TimeControl "40/7200:1800"]

1. d4 Nf6 2. Nf3 g6 3. Bg5 Bg7 4. Nbd2 d6 5. c3 O-O 6. e4 Nbd7 7. Bc4 h6 8. Bh4 e5 9. dxe5 dxe5 10. Qe2 c6 11. a4 Qc7 12. O-O Re8 13. Rfd1 Nf8 14. a5 Ne6 15. Bxf6 Bxf6 16. b4 Kg7 17. Qe3 Bd7 18. Bf1 Ng5 19. c4 b6 20. Nb3 Nxf3+ 21. Qxf3 Be6 22. axb6 axb6 23. c5 Be7 24. cxb6 Qxb6 25. Nc5 Rxa1 26. Nxe6+ fxe6 27. Rxa1 Bxb4 28. Ra6 Qc5 29. Ra2 Rf8 30. Qg3 Qd4 31. h3 Bc5 32. Qd3 Bb6 33. Rc2 Rc8 34. Qa6 Rc7 35. Qd3 h5 36. Qc4 Kf6 37. Qd3 Qxd3 38. Bxd3 Bd4 39. Kf1 c5 40. Ke2 Ra7 41. Bc4 Ra1 42. Kf3 Re1 43. h4 Ra1 44. Ba2 Ke7 45. Bc4 Ra8 46. Ba2 Rf8+ 47. Kg3 Rf4 48. f3 Rf8 49. Bc4 Rb8 50. Ra2 Rb4 51. Rc2 Rb1 52. Kh2 Rb4 53. Ba2 Kd6 54. Bc4 Ra4 55. Bb5 Rb4 56. Bc4 Rb1 57. Ba2 Rd1 58. Bc4 Rb1 59. Ba2 Ra1 60. Bc4 Ke7 61. Ba2 Kf6 62. Bc4 Bg1+ 63. Kg3 Be3 64. Bb3 Rh1 65. Bc4 g5 66. hxg5+ Kxg5 67. f4+ exf4+ 68. Kf3 Kf6 69. Ra2 Rc1 70. Ra4 Ke5 71. Bb5 Bd4 72. Bc4 Rc3+ 73. Ke2 Rg3 74. Ra6 Rxg2+ 75. Kf1 Rf2+ 76. Ke1 Kxe4 77. Rxe6+ Kf5 78. Rh6 Kg4 79. Be2+ f3 80. Rg6+ Kf4 81. Bd3 Rg2 82. Rd6 Ke3 0-1

[Event "30th NATO Chess-ch 2019"]
[Site "Berlin"]
[Date "2019.09.19"]
[Round "5.8"]
[White "Wantiez, Fabrice"]
[Black "Pavlidou, Ekaterini"]
[Result "1-0"]
[ECO "B32"]
[WhiteElo "2225"]
[BlackElo "2178"]
[Annotator "ChessBase"]
[PlyCount "93"]
[EventDate "2019.09.16"]
[EventType "swiss"]
[EventCountry "GER"]
[SourceTitle "playchess.com"]
[Source "ChessBase"]
[SourceQuality "1"]
[TimeControl "40/7200:1800"]

1. e4 c5 2. Nf3 Nc6 3. d4 cxd4 4. Nxd4 e5 5. Nxc6 bxc6 6. Bd3 Nf6 7. O-O Bc5 8. Qf3 d6 9. c4 h6 10. Nc3 Be6 11. Be3 Nd7 12. b3 Bd4 13. Rac1 O-O 14. Bxd4 exd4 15. Ne2 Ne5 16. Qg3 Qg5 17. Rfd1 c5 18. f4 Qxg3 19. Nxg3 Nc6 20. Re1 Rab8 21. Bb1 f6 22. e5 fxe5 23. Be4 Nb4 24. fxe5 dxe5 25. Bb1 Bg4 26. Ne4 d3 27. a3 Na6 28. Rc3 d2 29. Nxd2 Rbd8 30. Nf1 Rd4 31. Rce3 Nb8 32. Rxe5 Nd7 33. Re7 Nf6 34. Rxa7 Rfd8 35. Ne3 Bh5 36. Rc7 Re8 37. h3 Re5 38. a4 g5 39. Rc6 Nd7 40. a5 Rxe3 41. Rxe3 Rd1+ 42. Kh2 Rxb1 43. Re7 Nf8 44. a6 Rb2 45. Rf6 Ra2 46. a7 Nh7 47. Rf2 1-0

[Event "30th NATO Chess-ch 2019"]
[Site "Berlin"]
[Date "2019.09.19"]
[Round "5.9"]
[White "Valeinis, Janis"]
[Black "Kedzierski, Slawomir"]
[Result "1-0"]
[ECO "D00"]
[WhiteElo "2206"]
[BlackElo "2163"]
[Annotator "ChessBase"]
[PlyCount "86"]
[EventDate "2019.09.16"]
[EventType "swiss"]
[EventCountry "GER"]
[SourceTitle "playchess.com"]
[Source "ChessBase"]
[SourceQuality "1"]
[TimeControl "40/7200:1800"]

1. d4 Nf6 2. Nc3 d5 3. Bf4 Bf5 4. f3 e6 5. g4 Bg6 6. h4 h6 7. h5 Bh7 8. e3 Bd6 9. Bd3 Bxf4 10. exf4 Qd6 11. Nge2 c5 12. dxc5 Qxc5 13. g5 Bxd3 14. Qxd3 Nfd7 15. g6 O-O 16. gxf7+ Rxf7 17. O-O-O Nc6 18. Rhg1 Nf8 19. Rg4 Rd8 20. a3 a6 21. Rdg1 Rdd7 22. Qd2 Kh8 23. b4 Qd6 24. Nd4 Ne7 25. Na4 Nf5 26. Nc5 Rc7 27. Re1 Nxd4 28. Qxd4 a5 29. Reg1 axb4 30. axb4 Qe7 31. Nd3 Nd7 32. Rg6 Kh7 33. f5 exf5 34. Qf4 Rc4 35. Qg3 Rc6 36. Nf4 Qxb4 37. Rxc6 bxc6 38. Qg6+ Kg8 39. Qxc6 Qxf4+ 40. Kb1 Qb4+ 41. Kc1 Qf4+ 42. Kb1 Qe3 43. Z0 Qe1+ {Rh1 --- Qg6} 1-0

[Event "30th NATO Chess-ch 2019"]
[Site "Berlin"]
[Date "2019.09.19"]
[Round "5.10"]
[White "Oltean, Gusztav"]
[Black "Andersen, Hans-Christoph"]
[Result "0-1"]
[ECO "D05"]
[WhiteElo "2053"]
[BlackElo "2201"]
[Annotator "ChessBase"]
[PlyCount "72"]
[EventDate "2019.09.16"]
[EventType "swiss"]
[EventCountry "GER"]
[SourceTitle "playchess.com"]
[Source "ChessBase"]
[SourceQuality "1"]
[TimeControl "40/7200:1800"]

1. d4 d5 2. Nf3 Nf6 3. e3 e6 4. Bd3 c5 5. b3 Nc6 6. a3 b6 7. Nbd2 Bb7 8. Bb2 Bd6 9. Ne5 O-O 10. O-O Qc7 11. f4 Ne7 12. c4 Ne4 13. cxd5 exd5 14. Rc1 Nf5 15. Qe2 f6 16. Nxe4 dxe4 17. Bc4+ Kh8 18. Ng4 Qe7 19. dxc5 Bxc5 20. b4 Bd6 21. Nf2 a5 22. g4 Nh4 23. Rfd1 axb4 24. axb4 Bxb4 25. Bb5 Rfd8 26. Bc6 Bxc6 27. Rxc6 Bc5 28. g5 fxg5 29. Rh6 Nf3+ 30. Kh1 Rxd1+ 31. Nxd1 Rd8 32. Nc3 gxf4 33. Qc4 fxe3 34. Nxe4 Nd2 35. Rxh7+ Kxh7 36. Nf6+ Qxf6 0-1

[Event "30th NATO Chess-ch 2019"]
[Site "Berlin"]
[Date "2019.09.19"]
[Round "5.11"]
[White "Werksma, Arie"]
[Black "Bohn, Ulrich"]
[Result "0-1"]
[ECO "A07"]
[WhiteElo "2197"]
[BlackElo "2157"]
[Annotator "ChessBase"]
[PlyCount "94"]
[EventDate "2019.09.16"]
[EventType "swiss"]
[EventCountry "GER"]
[SourceTitle "playchess.com"]
[Source "ChessBase"]
[SourceQuality "1"]
[TimeControl "40/7200:1800"]

1. Nf3 Nf6 2. b3 d5 3. Bb2 Bf5 4. c4 e6 5. g3 Be7 6. Bg2 h6 7. O-O O-O 8. d3 c5 9. Nbd2 Nc6 10. cxd5 exd5 11. Rc1 d4 12. Ba3 Nd5 13. Bb2 Ncb4 14. Ra1 Bf6 15. a3 Nxd3 16. exd3 Bxd3 17. Nc4 Bxf1 18. Qxf1 Re8 19. a4 Qd7 20. Rd1 Rad8 21. Bh3 Qc7 22. Bf5 Re7 23. Bd3 Nb4 24. Bc1 Qc6 25. Qg2 Nxd3 26. Rxd3 Rde8 27. Rd1 Re2 28. Bd2 Qe4 29. Nd6 Qc2 30. Qf1 R8e7 31. Kg2 Qxb3 32. Bf4 Qd5 33. Nb5 Qc6 34. Nxa7 Qxa4 35. Nc8 R7e6 36. h4 Qc6 37. Na7 Qe4 38. h5 Ra6 39. Nb5 Raa2 40. Nd6 Qc2 41. Bd2 Qd3 42. Nxb7 Ra3 43. Bc3 Rxf2+ 44. Kxf2 Qxc3 45. Kg2 Qb2+ 46. Qe2 Qc3 47. Kf2 Ra4 0-1